 Dungeon Crawl Stone Soup version 0.20.1-1-g8b1a95d (webtiles) character file.

165 vatarom the Chopper (level 5, -2/46 HPs)
             Began as a Draconian Chaos Knight on Oct 13, 2017.
             Slain by Grinder (4 damage)
             ... on level 3 of the Dungeon.
             The game lasted 00:04:29 (2504 turns).

vatarom the Chopper (Draconian Chaos Knight)        Turns: 2504, Time: 00:04:30

Health: -2/46      AC:  6    Str: 15    XL:     5   Next: 21%
Magic:  5/5        EV: 16    Int: 12    God:    Xom [.*....]
Gold:   109        SH:  0    Dex:  9    Spells: 4/4 levels left

rFire    . . .     SeeInvis .   a - +2 hand axe (chaos)
rCold    . . .     Gourm    .   (no shield)
rNeg     . . .     Faith    .   (armour unavailable)
rPois    .         Spirit   .   (helmet restricted)
rElec    .         Reflect  .   (no cloak)
rCorr    .         Harm     .   j - +0 pair of gloves
MR       .....     Clarity  +   (no boots)
Stlth    +.........             (no amulet)
Regen    0.2/turn               i - +3 ring of evasion
MPRegen  0.1/turn               (no ring)

@: flying, hasted, very quick
A: unfitting armour, horns 1, clarity, clumsy 1, sense surroundings 1, wild
magic 1, cold-blooded, AC +5
a: Renounce Religion


You were on level 3 of the Dungeon.
You worshipped Xom.
You were a plaything of Xom.
You were not hungry.

You visited 1 branch of the dungeon, and saw 3 of its levels.

You collected 109 gold pieces.

Inventory:

Hand Weapons
 a - a +2 hand axe of chaos (weapon)
Missiles
 l - 30 bolts
Armour
 j - a +0 pair of gloves (worn)
Jewellery
 i - a +3 ring of evasion (left hand)
Scrolls
 c - a scroll of enchant weapon
 k - a scroll of blinking
 m - a scroll of teleportation
Potions
 e - a potion of flight
 h - 2 potions of curing
Comestibles
 b - a bread ration
 f - a meat ration


   Skills:
 + Level 4.1 Fighting
 * Level 4.8 Axes
 + Level 3.1 Dodging


You had 4 spell levels left.
You didn't know any spells.

Dungeon Overview and Level Annotations

Branches:
Dungeon (3/15)

Altars:
Fedhas
Qazlal
Xom
Yredelemnul
Zin

Annotations:
D:3 Grinder


Innate Abilities, Weirdness & Mutations

Your plain brown scales are hard. (AC +5)
You cannot fit into any form of body armour.
You are cold-blooded and may be slowed by cold attacks.
You have a pair of small horns on your head.
You possess an exceptional clarity of mind.
You are clumsy. (Dex -2)
You passively map a small area around you.
Your spells are a little harder to cast, but a little more powerful.


Message History

You hit Grinder. You headbutt Grinder.
Grinder is heavily wounded.
Grinder completely misses you.
You closely miss Grinder.
Grinder is heavily wounded.
Grinder gestures at you. Pain shoots through your body!
* * * LOW HITPOINT WARNING * * *
You barely miss Grinder. Your headbutt misses Grinder.
Grinder is heavily wounded.
You hit Grinder but do no damage.
Grinder is heavily wounded.
Grinder gestures at you. Pain shoots through your body!
* * * LOW HITPOINT WARNING * * *
You barely miss Grinder.
Grinder is heavily wounded.
Grinder hits you.
You die...
Xom bursts into laughter!

#........##....)....#
#........############
######.### *
*########.# ,,
.........# * *
.#######.# *, #.# *
.#######§###### *
.....§5@§§......, *
.#######§####### *
*.§.# * * ....# ,
....## * ** ##.## *,
, #.# *, .# * * ,


You could see Grinder.

Vanquished Creatures
  An orc wizard (D:3)
  6 adders
  2 oozes
  A worm (D:2)
  A dart slug (D:1)
  2 leopard geckos
  3 orcs (D:3)
  6 bats
  2 giant cockroaches
  7 hobgoblins
  2 jackals (D:1)
  7 kobolds
  3 quokkas (D:2)
  2 ball pythons
  4 frilled lizards
  9 goblins
  7 rats
  A spectral orc (D:2)
66 creatures vanquished.

Vanquished Creatures (others)
  A frilled lizard (D:1)
1 creature vanquished.

Grand Total: 67 creatures vanquished

Notes
Turn   | Place    | Note
-------+----------+-------------------------------------------
     0 | D:1      | vatarom the Draconian Chaos Knight began the quest for the Orb.
     0 | D:1      | Reached XP level 1. HP: 19/19 MP: 1/1
    67 | D:1      | Reached XP level 2. HP: 20/26 MP: 2/2
   392 | D:1      | XOM: harmless Pois miscast
   483 | D:1      | Reached XP level 3. HP: 30/31 MP: 3/3
   732 | D:2      | XOM: give mutation
   732 | D:2      | Gained mutation: You are clumsy. (Dex -2) [Xom's mischief]
   842 | D:2      | Found a stormy altar of Qazlal.
  1060 | D:2      | XOM: divination: detect creatures
  1208 | D:2      | Reached XP level 4. HP: 40/40 MP: 4/4
  1211 | D:2      | XOM: divination: detect creatures
  1319 | D:2      | Found a basalt altar of Yredelemnul.
  1376 | D:2      | XOM: god gift: 15 bolts
  1462 | D:2      | XOM: give mutations
  1462 | D:2      | Gained mutation: You passively map a small area around you. [Xom's grace]
  1462 | D:2      | Gained mutation: You possess an exceptional clarity of mind. [Xom's grace]
  1462 | D:2      | Gained mutation: Your spells are a little harder to cast, but a little more powerful. [Xom's grace]
  1462 | D:2      | Gained mutation: You have a pair of small horns on your head. [Xom's grace]
  2098 | D:3      | Found a blossoming altar of Fedhas.
  2153 | D:3      | Found a shimmering altar of Xom.
  2153 | D:3      | Noticed an angel
  2156 | D:3      | Found a glowing silver altar of Zin.
  2166 | D:3      | Reached XP level 5. HP: 18/46 MP: 5/5
  2321 | D:3      | XOM: enchant monster (good)
  2491 | D:3      | Noticed Grinder
  2498 | D:3      | XOM: smoke on damage
  2503 | D:3      | HP: 2/46 [Grinder/nerve-wracking pain (10)]
  2504 | D:3      | Slain by Grinder

Skill      XL: |  1  2  3  4 |
---------------+-------------+-----
Axes           | 4 |  4.8
Fighting       | 4 |  4.1
Dodging        | 3 |  3.1

Action                   |  1- 3 |  4- 6 || total
-------------------------+-------+-------++-------
Melee: Hand axe          |   107 |    61 ||   168
       Tailslap          |     9 |     5 ||    14
       Headbutt          |       |     9 ||     9
  Use: Scroll            |     4 |     3 ||     7
       Potion            |       |     3 ||     3
 Stab: Confused          |     1 |       ||     1
       Paralysed         |     2 |       ||     2
       Petrified         |     1 |       ||     1
       Sleeping          |       |     1 ||     1
  Eat: Royal jelly       |     1 |       ||     1
       Chunk             |       |     3 ||     3
Armor: Skin              |    41 |    12 ||    53
Dodge: Dodged            |    78 |    29 ||   107
